r e k t, neutral male scurrid Tourist ------- |.%.Z.| |...W@. |...W.| |..... ---...| --.-- r e k t the Rambler Experience level: 1 Strength: 12 Dexterity: 13 Constitution: 14 Intelligence: 14 Wisdom: 8 Charisma: 14 Health: 3(9) Energy: 2(2) Def: 0 Gold: 978 Moves: 41 Dungeon seed: q7TvikmrWw0CHpCC Game ID: r e k t_1498626449 Your Inventory: Coins $ - 978 gold pieces Weapons a - 43 uncursed +2 darts (in quiver) Armor e - an uncursed +0 Hawaiian shirt (being worn) Comestibles b - 6 uncursed food rations c - 2 uncursed tripe rations d - an uncursed tin of jackal meat f - 2 uncursed chestnuts Scrolls i - 4 uncursed scrolls of magic mapping Potions g - a blessed potion of extra healing h - an uncursed potion of extra healing Wands l - an uncursed wand of secret door detection (0:15) Tools j - an uncursed expensive camera (0:64) k - an uncursed credit card m - an uncursed tin opener Spells and supernatural/magical abilities: Name Level Category Fail Memory W - pray for help -- divine ? -- Your skills at the end: Miscellaneous Skills wands [Basic] Weapon Skills dart [Basic] Spellcasting Skills Final Attributes: You were devoutly aligned. You had infravision. You were very stealthy. You are dead. Voluntary challenges: You went without food. You did not adorn yourself with jewelry or accessories. You did not cause conflict. You were not invisible. You did not have reflection. You were not displaced. You were an atheist. You never hit with a wielded weapon. You were a pacifist. You did not use tools. You did not use plumbed fixtures. You did not drink any magical draughts. You were illiterate. You never genocided any monsters. You never polymorphed an object. You never changed form. You used no wishes. You never split a pudding. You never wrote Elbereth's name. You never violated your personal moral code. Dungeon overview: The Dungeons of Doom: levels 1 to 17 Level 1 a long staircase Level 2 Level 3 Level 4 Level 5 Level 6 Level 7 Level 8 Level 9 Level 10 Level 11 Level 12 Level 13 a fountain Level 14 a fountain Level 15 Level 16 Level 17 <- You were here History has recorded: On T:1 you entered the Dungeons of Doom to retrieve the Amulet of Yendor! On T:4 you reached level 2 of The Dungeons of Doom. On T:7 you reached level 3 of The Dungeons of Doom. On T:9 you reached level 4 of The Dungeons of Doom. On T:11 you reached level 5 of The Dungeons of Doom. On T:13 you reached level 6 of The Dungeons of Doom. On T:16 you reached level 7 of The Dungeons of Doom. On T:18 you reached level 8 of The Dungeons of Doom. On T:20 you reached level 9 of The Dungeons of Doom. On T:22 you reached level 10 of The Dungeons of Doom. On T:26 you reached level 11 of The Dungeons of Doom. On T:28 you reached level 12 of The Dungeons of Doom. On T:31 you reached level 13 of The Dungeons of Doom. On T:33 you reached level 14 of The Dungeons of Doom. On T:35 you reached level 15 of The Dungeons of Doom. On T:37 you reached level 16 of The Dungeons of Doom. On T:37 you entered the Rogue tribute level. On T:40 you reached level 17 of The Dungeons of Doom. Score breakdown: Gold: 380 ( 38 points) Experience: 1 level ( 0 points) Exploration: 17 levels ( 480 points) Discoveries: 0 items ( 0 points) Variety of kills: 0 monsters ( 0 points) Major goal: (nothing yet) ( 0 points) Survival: died (score multiplied by 3) Total score: 1554 Latest messages: Your help is urgently needed at Ankh-Morpork! Look for a ...ic transporter. You couldn't quite make out that last message. You start digging downward. You continue digging downward. You dig a pit in the floor. You continue digging downward. You dig a hole through the floor. You fall through... You enter what seems to be an older, more primitive world. You start digging downward. You continue digging downward. You dig a pit in the floor. You continue digging downward. You dig a hole through the floor. You fall through... You have an uncanny feeling... The wraith touches you! (2x) The wraith zaps himself with a short wand! You start digging downward. You continue digging downward. You dig a pit in the floor. The wraith touches you! Final status: Aloha r e k t the Tourist, drained of life by a wraith... You died in The Dungeons of Doom on dungeon level 17 with 1554 points, and 978 pieces of gold, after 41 moves. You were level 1 with a maximum of 9 hit points when you died.